AoeStats
← donk999

Arabia

510082593Analyzed
1v1 RM · 3d ago on Sep 29, 2026· 21m 49s· 2 players
Game mode
Random Map
Map size
Tiny (2 player)
Population
200
Speed
Normal
Resources
Standard
Victory
Conquest
Starting age
Dark Age
Ending age
Imperial Age
RankedLock teamsTeams togetherTeam positionsShared explorationLock speedFull tech treeHidden civsTurbo modeCheats
Victory
Defeat
🇨🇳 Khmer · China
1007
+14
🇹🇼 Celts · Taiwan
954
-41
donk999
9:24 Loom
14:04 Feudal Age
15:28 Double-Bit Axe
15:25 Horse Collar
16:35 Wheelbarrow
20:40 Scale Mail Armor
贝恩思德
7:50 Loom
10:13 Feudal Age
15:24 Castle Age
15:21 Gold Mining
17:43 Forging
18:10 Husbandry
18:30 Scale Barding Armor
18:42 Horse Collar
20:19 Heavy Plow
Connection lost

Rejoining the realm…

Still unreachable

The connection could not be restored.

Session expired

The server has moved on; the page needs a fresh start.